 Dungeon Crawl Stone Soup version 0.31.0-11-ge490571c62 (webtiles) character file.

Game seed: 6814187968300819945

6043 Minsecho the Martial Artist (level 10, -18/49 HPs)
             Began as a Spriggan Monk on Jan 29, 2024.
             Was an Initiate of Gozag.
             Demolished by a large slime creature (32 damage)
             ... on level 9 of the Dungeon.
             The game lasted 00:24:36 (8731 turns).

Minsecho the Martial Artist (Spriggan Monk)         Turns: 8731, Time: 00:24:43

Health: -18/49     AC: 14    Str: 11    XL:     10   Next: 57%
Magic:  11/11      EV: 21    Int: 12    God:    Gozag
Gold:   1370       SH:  0    Dex: 18    Spells: 8/9 levels left

rFire   . .          .
                       - Unarmed
rCold   . . .        c - orb {light}
rNeg    + . .        e - +2 pearl dragon scales
rPois   .            (helmet currently unavailable)
rElec   .            E - melded +2 cloak
rCorr   .            (gloves unavailable)
SInv    +            (boots unavailable)
Will    +....        q - amulet of magic regeneration
Stlth   +            m - +4 ring of slaying
HPRegen 0.28/turn    B - +5 ring of evasion
MPRegen 0.52/turn

%: no passive effects
@: beast-form, glowing, very quick
A: beast (slay +0), very small, no large weapons, unfitting armour, see
invisible, speed 3
a: Begin Untransformation, Renounce Religion, Potion Petition, Call Merchant,
Bribe Branch


You were on level 9 of the Dungeon.
You worshipped Gozag.
Gozag was most pleased with you.
You were a hulking beast.
You visited 2 branches of the dungeon, and saw 10 of its levels.
You also visited: Ossuary.

You collected 1370 gold pieces.

Inventory:

Hand Weapons
 l - the +2 short sword of Vuocri {protect, Will++}
   (You found it on level 8 of the Dungeon)

   Will++:    It greatly increases your willpower.
Missiles
 b - 36 poisoned darts
 i - a throwing net
 s - 5 curare-tipped darts
 C - a boomerang (quivered)
Armour
 c - an orb of light (worn)
 e - +2 pearl dragon scales (worn)
 E - a +2 cloak (melded)
Jewellery
 g - a ring of magical power
 m - a +4 ring of slaying (left hand)
 n - a ring of protection from fire
 q - an amulet of magic regeneration (around neck)
 t - the ring of Sucysmif {rC+++ MP+9}
   (You found it on level 4 of the Dungeon)

   [ring of magical power]

   rC+++:     It renders you almost immune to cold.
   MP+9:      It affects your magic capacity (+9).
 B - a +5 ring of evasion (right hand)
Talismans
 H - a beast talisman (active)
Wands
 o - a wand of roots (12)
 F - a wand of digging (6)
Scrolls
 a - a scroll of fog {unknown}
 d - 3 scrolls of blinking
 k - a scroll of noise {unknown}
 u - 2 scrolls of teleportation
 v - 2 scrolls of enchant weapon
 x - 2 scrolls of immolation {unknown}
 y - 2 scrolls of brand weapon {unknown}
 D - 2 scrolls of vulnerability {unknown}
Potions
 f - 6 potions of degeneration
 h - a potion of enlightenment
 j - a potion of brilliance
 p - 2 potions of might
 r - a potion of invisibility
 w - a potion of mutation
 z - a potion of berserk rage
 A - a potion of haste
 G - a potion of lignification {unknown}


   Skills:
 + Level 3.8 Fighting
 + Level 1.1 Throwing
 * Level 6.4 Armour
 + Level 7.3 Dodging
 + Level 2.9 Stealth
 + Level 10.2 Unarmed Combat
 + Level 1.5 Evocations
 * Level 1.2 Shapeshifting


You had 8 spell levels left.
You knew the following spells:

 Your Spells              Type           Power      Damage    Failure   Level
a - Magic Dart            Conj           0%         1d3       92%         1

Your spell library contained the following spells:

 Spells                   Type           Power      Damage    Failure   Level
 Blink                    Tloc           0%         N/A       98%         2
 Call Imp                 Summ           0%         N/A       98%         2
 Scorch                   Fire           0%         2d5       98%         2
 Hailstorm                Conj/Ice       0%         3d5       100%        3
 Summon Ice Beast         Ice/Summ       0%         N/A       100%        3
 Flame Wave               Conj/Fire      0%         2d4       100%        4
 Sculpt Simulacrum        Ice/Alch       0%         N/A       100%        6
 Summon Cactus Giant      Summ           0%         N/A       100%        6


Dungeon Overview and Level Annotations

Branches:
Dungeon (9/15)             Temple (1/1) D:5         Ossuary (visited)
   Lair: D:8-11         Orc: D:9-12

Altars:
Ashenzari
Cheibriados
Dithmenos
Elyvilon
Fedhas
Gozag
Hepliaklqana
Kikubaaqudgha
Makhleb
Nemelex Xobeh
Okawaru
Qazlal
Ru
Sif Muna
Trog
Uskayaw
Wu Jian
Xom
Yredelemnul
Zin
The Shining One

Portals:
Abyss: D:8

Annotations:
D:8 2 transporters, browni3141's ghost, novice MiFi


Innate Abilities, Weirdness & Mutations

You are a hulking beast.
Your limbs bulge with bestial killing power. (Slay +0)
You are very small and have problems with some larger weapons.
You are too small for most types of armour.
You have supernaturally acute eyesight. (SInv)
You cover ground extremely quickly. (Speed+++)


Message History

You throw a boomerang.
The boomerang hits the large slime creature and shatters for extra damage!
The large slime creature is severely wounded.
Throw: boomerang
Press: ? - help, Q - select action, (/) - cycle Shift-Dir - straight line, f/p - large slime creature
Aim: a large slime creature (severely wounded, haloed, 97% to hit)
You throw a boomerang.
The boomerang hits the large slime creature.
The large slime creature is severely wounded.
Found a scroll of identify.
The large slime creature completely misses you.
The large slime creature attacks as it pursues you!
The large slime creature completely misses you.
Throw: boomerang
Press: ? - help, Q - select action, (/) - cycle Shift-Dir - straight line, f/p - large slime creature
Aim: a large slime creature (severely wounded, haloed, 97% to hit)
You throw a boomerang.
The boomerang hits the large slime creature!
The large slime creature is severely wounded.
Throw: boomerang
Press: ? - help, Q - select action, (/) - cycle Shift-Dir - straight line, f/p - large slime creature
Aim: a large slime creature (severely wounded, haloed, 97% to hit)
You throw a boomerang.
The boomerang hits the large slime creature.
The large slime creature is almost dead.
You hit the large slime creature.
The large slime creature is almost dead.
The large slime creature barely misses you.
You hit the large slime creature.
The large slime creature is almost dead.
The large slime creature hits you!!
Ouch! That really hurt!
* * * LOW HITPOINT WARNING * * *
A slime creature comes into view.
The slime creature quivers.
The large slime creature attacks as it pursues you!
The large slime creature hits you!!
Ouch! That really hurt!
You die...
Your body crumbles into a pile of gold.

..J ... #.. ...
#.# .J. ... ..
#.# .. #?# #.#
#h####.#
#J.....####
#.........#
#.#######.# #.#
#.####
##.#######.##.##
##...##.......#.#
#...........##.##
##..>.......##.#


You could see a large slime creature and a slime creature.

Vanquished Creatures
  Pikel (D:8)
  Maurice (D:7)
  Psyche (D:9)
  A troll (D:8)
  2 slime creatures (D:9)
  Sigmund (D:3)
  5 yaks
  Menkaure (D:7)
  3 water moccasins
  2 acid dragons
  An orc warrior (D:7)
  An ice beast (D:7)
  3 sky beasts
  4 black bears
  2 ogres
  A centaur (D:7)
  A phantom (D:6)
  2 elf zombies (Ossuary)
  4 kobold brigands
  2 bullfrogs
  A scorpion (D:5)
  2 burial acolytes (Ossuary)
  2 howler monkeys
  A bombardier beetle (D:5)
  2 orc priests
  2 jellies
  A human zombie (Ossuary)
  3 hounds
  Ijyb (D:3)
  Terence (D:3)
  2 human skeletons (D:4)
  2 sleepcaps (D:6)
  Natasha (twice) (D:3)
  6 iguanas
  5 orc wizards
  2 mummies (Ossuary)
  6 gnolls
  8 adders
  A shadow imp (D:6)
  A white imp (D:7)
  2 ribbon worms
  2 dart slugs
  24 orcs
  8 ball pythons
  10 endoplasms
  6 giant cockroaches
  4 goblins (D:1)
  7 hobgoblins
  4 quokkas
  A bat (D:1)
  A frilled lizard (D:1)
  23 kobolds
  A kobold zombie (Ossuary)
  3 orc skeletons (D:4)
  2 orc zombies
  2 rats (D:2)
190 creatures vanquished.

Notes
Turn   | Place    | Note
-------+----------+-------------------------------------------
     0 | D:1      | Minsecho the Spriggan Monk began the quest for the Orb.
     0 | D:1      | Reached XP level 1. HP: 11/11 MP: 2/2
   212 | D:1      | Reached XP level 2. HP: 16/16 MP: 3/3
   737 | D:2      | Reached XP level 3. HP: 19/19 MP: 4/4
   898 | D:2      | Reached skill level 3 in Unarmed Combat
  1116 | D:2      | Reached skill level 1 in Armour
  1116 | D:2      | Reached XP level 4. HP: 22/23 MP: 5/5
  1611 | D:3      | Noticed Ijyb
  1624 | D:3      | Killed Ijyb
  1690 | D:3      | Noticed Terence
  1712 | D:3      | Killed Terence
  1713 | D:3      | Reached XP level 5. HP: 22/27 MP: 6/6
  1777 | D:3      | Learned a level 1 spell: Magic Dart
  1986 | D:3      | Noticed Sigmund
  2003 | D:3      | Killed Sigmund
  2004 | D:3      | Reached skill level 4 in Unarmed Combat
  2004 | D:3      | Reached XP level 6. HP: 13/32 MP: 7/7
  2144 | D:3      | Noticed Natasha
  2155 | D:3      | Killed Natasha
  2197 | D:3      | Noticed Natasha
  2207 | D:3      | Killed Natasha
  2208 | D:3      | Reached skill level 5 in Dodging
  2309 | D:4      | Identified the ring of Sucysmif {rC+++ MP+9}
  2751 | D:4      | Found a sand-covered staircase.
  2766 | Ossuary  | Entered an ossuary
  2766 | Ossuary  | Found a huge runed translucent gate.
  2766 | Ossuary  | Found a huge runed translucent gate.
  2766 | Ossuary  | Found a huge runed translucent gate.
  2766 | Ossuary  | Found a huge runed translucent gate.
  2766 | Ossuary  | Found a huge runed translucent gate.
  2766 | Ossuary  | Found a huge runed translucent gate.
  2766 | Ossuary  | Found a huge runed translucent gate.
  2766 | Ossuary  | Found a huge runed translucent gate.
  2767 | Ossuary  | Found a huge runed translucent gate.
  2767 | Ossuary  | Found a huge runed translucent gate.
  2767 | Ossuary  | Found a huge runed translucent gate.
  2768 | Ossuary  | Found a huge runed translucent gate.
  2768 | Ossuary  | Found a huge runed translucent gate.
  2770 | Ossuary  | Found a huge runed translucent gate.
  2770 | Ossuary  | Found a huge runed translucent gate.
  2805 | Ossuary  | Found a huge runed translucent gate.
  2805 | Ossuary  | Found a huge runed translucent gate.
  2805 | Ossuary  | Found a huge runed translucent gate.
  2805 | Ossuary  | Found a huge runed translucent gate.
  2805 | Ossuary  | Found a huge runed translucent gate.
  2806 | Ossuary  | Found a huge runed translucent gate.
  2806 | Ossuary  | Found a huge runed translucent gate.
  2808 | Ossuary  | Found a huge runed translucent gate.
  2808 | Ossuary  | Found a huge runed translucent gate.
  2809 | Ossuary  | Found a huge runed translucent gate.
  2809 | Ossuary  | Found a huge runed translucent gate.
  2810 | Ossuary  | Found a huge runed translucent gate.
  2810 | Ossuary  | Found a huge runed translucent gate.
  2838 | Ossuary  | Reached skill level 5 in Unarmed Combat
  2838 | Ossuary  | Reached XP level 7. HP: 31/35 MP: 8/8
  2839 | Ossuary  | Found a huge runed translucent gate.
  2839 | Ossuary  | Found a huge runed translucent gate.
  2840 | Ossuary  | Found a huge runed translucent gate.
  2840 | Ossuary  | Found a huge runed translucent gate.
  2840 | Ossuary  | Found a huge runed translucent gate.
  2840 | Ossuary  | Found a huge runed translucent gate.
  2840 | Ossuary  | Found a huge runed translucent gate.
  3345 | D:4      | Reached skill level 6 in Unarmed Combat
  3783 | D:5      | Entered Level 5 of the Dungeon
  3934 | D:5      | Reached XP level 8. HP: 40/40 MP: 9/9
  4127 | D:5      | Found a hazy altar of Hepliaklqana.
  4226 | D:5      | Found a staircase to the Ecumenical Temple.
  4604 | Temple   | Entered the Ecumenical Temple
  4673 | Temple   | Became a worshipper of Gozag Ym Sagoz the Greedy
  4948 | D:6      | Reached skill level 7 in Unarmed Combat
  5022 | D:6      | Identified the staff "Ewepidd" {^Contam Dex+2 Conj Air}
  5150 | D:6      | Reached skill level 1 in Stealth
  5299 | D:6      | Reached XP level 9. HP: 44/44 MP: 10/10
  5611 | D:7      | Noticed Maurice
  5630 | D:7      | Maurice stole the ring of Sucysmif {rC+++ MP+9}
  5633 | D:7      | Maurice stole 21 poisoned darts
  5635 | D:7      | Killed Maurice
  5636 | D:7      | Reached skill level 5 in Armour
  5636 | D:7      | Reached skill level 8 in Unarmed Combat
  6311 | D:7      | Noticed Menkaure
  6601 | D:7      | Reached skill level 1 in Evocations
  6797 | D:7      | Killed Menkaure
  7208 | D:8      | Found a transporter.
  7231 | D:8      | Found a transporter.
  7231 | D:8      | Noticed browni3141's ghost (novice MiFi)
  7232 | D:8      | Found a one-way gate to the infinite horrors of the Abyss.
  7238 | D:8      | Noticed an unseen horror
  7267 | D:8      | Reached skill level 9 in Unarmed Combat
  7450 | D:8      | Identified the +2 short sword of Vuocri {protect, Will++}
  7456 | D:8      | Found a sparkling altar of Nemelex Xobeh.
  7680 | D:8      | Noticed Pikel
  7702 | D:8      | Killed Pikel
  7703 | D:8      | Reached XP level 10. HP: 41/49 MP: 11/11
  7897 | D:8      | Found an ornate altar of the Wu Jian Council.
  8025 | D:8      | Noticed an entropy weaver
  8193 | D:8      | Reached skill level 10 in Unarmed Combat
  8360 | D:9      | Noticed Psyche
  8372 | D:9      | Killed Psyche
  8373 | D:9      | Reached skill level 1 in Throwing
  8624 | D:9      | Reached skill level 1 in Shapeshifting
  8731 | D:9      | Demolished by a large slime creature

Illustrated notes

Levels and vault maps discovered:
D:1:      spicycebolla_green_bress_n_ham_2, layout_basic
D:2:      layout_loops_ring
D:3:      layout_rooms, uniq_terence, uniq_natasha, uniq_sigmund, uniq_ijyb
D:4:      black_bear_nest_1, layout_loops_cross, serial_glass, glass_columns_a,
          glass_columns_b, nicolae_ossuary_entry_catacombs,
          serial_library_regret_index_multi
D:5:      layout_loops_ring, worldfamousw_hep_ancestral_shrine,
          minmay_temple_entry_tees
D:6:      layout_loops_ring, minmay_checkerbox
D:7:      layout_cave_pods, minmay_starry_boxes, uniq_maurice, uniq_menkaure
D:8:      layout_basic, nicolae_wu_jian_immortal_techniques,
          nemelex_xobeh_ov_fountains_minmay, gammafunk_ghost_abyssal_escape,
          hangedman_abyss_or_decor_stagger, hex_tiny, minmay_misc_feat_columns,
          uniq_pikel
D:9:      layout_loops_corners, fiery_altar_vehumet, uniq_psyche, uniq_joseph
Temple:   hc_temple_tempest_star

Skill      XL: |  1  2  3  4  5  6  7  8  9 10 |
---------------+-------------------------------+-----
Unarmed Combat | 3 4 5 6 7 9 10 | 10.2
Armour         | 1 2 3 4 6 |  6.4
Dodging        | 5 6 7 |  7.3
Fighting       | 3 |  3.8
Stealth        | 1 2 |  2.9
Evocations     | 1 |  1.5
Throwing       | 1 |  1.1
Shapeshifting  | 1 |  1.2

Action                     |  1- 3 |  4- 6 |  7- 9 | 10-12 || total
---------------------------+-------+-------+-------+-------++-------
  Melee: Unarmed           |   166 |   177 |   391 |   104 ||   838
  Throw: Dart              |       |     5 |       |       ||     5
         Throwing net      |       |     1 |       |       ||     1
         Boomerang         |       |       |       |    22 ||    22
  Evoke: Wand              |       |       |     5 |       ||     5
    Use: Potion            |       |     1 |     3 |       ||     4
         Scroll            |       |     4 |    12 |       ||    16
   Stab: Distracted        |       |       |     1 |     1 ||     2
 Armour: Robe              |     4 |       |       |       ||     4
         Pearl dragon scal |    49 |    77 |   170 |    29 ||   325
  Dodge: Dodged            |    92 |    79 |   271 |    85 ||   527
   Form: Beast             |       |       |       |     1 ||     1
